 Dungeon Crawl Stone Soup version 0.32-a0-933-ga8fa363 (webtiles) character file.

Game seed: 14601251730372120511

148078 DANddo the Fighter (level 16, -2/147 HPs)
             Began as a White Draconian Shapeshifter on Apr 13, 2024.
             Was a High Priest of Wu Jian.
             Shot with an arrow by a naga sharpshooter (23 damage)
             ... on level 3 of the Snake Pit on Apr 14, 2024.
             The game lasted 01:08:18 (27878 turns).

DANddo the Fighter (White Draconian Shapeshifter)  Turns: 27878, Time: 01:08:19

Health: -2/147     AC: 18    Str: 18    XL:     16   Next: 93%
Magic:  19/29      EV: 32    Int: 17    God:    Wu Jian [*****.]
Gold:   2463       SH:  0    Dex: 14    Spells: 11/34 levels left

rFire   . .          .
                       - Unarmed
rCold   + + .        (no shield)
rNeg    . . .        (body armour unavailable)
rPois   +            (helmet restricted)
rElec   .            N - +2 cloak {rC+}
rCorr   +            l - +2 pair of gloves of Wrong Decisions {Dex+3}
SInv    .            G - +2 pair of boots
Will    +....        k - amulet of regeneration
Stlth   +            E - ring of resist corrosion
HPRegen 1.24/turn    O - ring of poison resistance
MPRegen 0.21/turn

%: no passive effects
@: maw-form, weakened, in a heavenly storm, hasted, glowing, studying 3 skills,
very quick
A: devouring maw, glacial breath, AC +9, unfitting armour, cold resistance 1,
cold-blooded
a: Glacial Breath, Begin Untransformation, Renounce Religion, Wall Jump,
Serpent's Lash, Heavenly Storm


You were on level 3 of the Snake Pit.
You worshipped Wu Jian.
Wu Jian was extremely pleased with you.
You were a creature with a mouth for a stomach.
You visited 5 branches of the dungeon, and saw 26 of its levels.
You also visited: Bailey and Ice Cave.

You collected 3858 gold pieces.
You spent 1395 gold pieces at shops.

Inventory:

Armour
 l - the +2 pair of gloves of Wrong Decisions (worn) {Dex+3}
   (You found it on level 2 of the Dungeon)

   Dex+3:     It affects your dexterity (+3).
 G - a +2 pair of boots (worn)
 N - a +2 cloak of cold resistance (worn)
Jewellery
 k - an amulet of regeneration (around neck)
 E - a ring of resist corrosion (left hand)
 O - a ring of poison resistance (right hand)
Talismans
 D - a granite talisman
 M - a maw talisman (active)
Wands
 e - a wand of polymorph (4)
 q - a wand of warping (19)
 x - a wand of flame (25)
 A - a wand of mindburst (24)
 H - a wand of digging (7)
 J - a wand of paralysis (10)
Scrolls
 b - a scroll of enchant armour
 c - 2 scrolls of identify
 d - a scroll of silence
 m - a scroll of vulnerability
 o - a scroll of torment
 p - 4 scrolls of revelation
 r - 12 scrolls of teleportation
 v - 2 scrolls of amnesia
 w - 2 scrolls of summoning
 y - 3 scrolls of immolation
 C - 2 scrolls of poison
 L - 3 scrolls of fear
Potions
 a - 5 potions of lignification
 f - a potion of cancellation
 h - 9 potions of attraction
 i - 2 potions of might
 j - 5 potions of curing
 n - 2 potions of brilliance
 s - 2 potions of magic
 t - 6 potions of enlightenment
 u - a potion of mutation
 B - 2 potions of resistance
 I - 4 potions of ambrosia
 K - a potion of haste
Miscellaneous
 z - a phantom mirror


   Skills:
 + Level 14.7 Fighting
 + Level 13.6 Dodging
 - Level 5.0 Stealth
 + Level 12.7 Unarmed Combat
 + Level 9.6 Spellcasting
 + Level 4.3 Hexes
 + Level 10.0 Summonings
 + Level 9.5 Translocations
 - Level 5.0 Evocations
 + Level 13.8 Shapeshifting


You had 11 spell levels left.
You knew the following spells:

 Your Spells              Type           Power      Damage    Failure   Level
a - Summon Mana Viper     Hex/Summ       32%        N/A       13%         5
b - Lesser Beckoning      Tloc           80%        N/A       1%          2
c - Summon Forest         Summ/Tloc      20%        N/A       4%          5
d - Blink                 Tloc           80%        N/A       1%          2
e - Polar Vortex          Ice            4%         N/A       100%        9

Your spell library contained the following spells:

 Spells                   Type           Power      Damage    Failure   Level
 Momentum Strike          Conj/Tloc      48%        3d9       1%          2
 Call Canine Familiar     Summ           42%        N/A       1%          3
 Maxwell's Portable Pile  Tloc           40%        2d(9-25)  1%          3
 Teleport Other           Tloc           40%        N/A       1%          3
 Sigil of Binding         Hex            22%        N/A       4%          3
 Dimensional Bullseye     Hex/Tloc       15%        N/A       4%          4
 Freeze                   Ice            32%        1d5       9%          1
 Magic Dart               Conj           32%        1d4       9%          1
 Necrotise                Necr           32%        1d5       9%          1
 Dazzling Flash           Conj/Hex       30%        N/A       11%         3
 Martyr's Knell           Necr/Summ      25%        N/A       11%         4
 Cigotuvi's Dreadful Rot  Necr/Alch/Air  16%        N/A       13%         2
 Searing Ray              Conj           16%        2d5       13%         2
 Summon Cactus Giant      Summ           21%        N/A       22%         6
 Vampiric Draining        Necr           8%         2d6       26%         3
 Animate Dead             Necr           8%         N/A       65%         4
 Dispel Undead            Necr           8%         3d8       65%         4
 Fulminant Prism          Conj/Alch      4%         3d5       65%         4
 Ignite Poison            Fire/Alch      8%         N/A       65%         4
 Leda's Liquefaction      Alch/Erth      4%         N/A       65%         4
 Sticky Flame             Fire/Alch      8%         2d4       65%         4
 Malign Gateway           Summ/Tloc      20%        N/A       78%         7
 Borgnjor's Vile Clutch   Necr/Erth      4%         N/A       94%         5
 Curse of Agony           Necr           8%         N/A       94%         5
 Death Channel            Necr           4%         N/A       100%        6
 Starburst                Conj/Fire      4%         6d3       100%        6
 Ignition                 Fire           4%         3d4       100%        8
 Maxwell's Capacitive Co  Air            4%         ∞         100%        8
 Summon Horrible Things   Summ           21%        N/A       100%        8


Dungeon Overview and Level Annotations

Branches:
Dungeon (15/15)            Temple (1/1) D:7            Lair (5/5) D:9
 Shoals (0/4) Lair:2        Snake (3/4) Lair:2        Slime (0/5) Lair:5
    Orc (2/2) D:12            Elf (0/3) Orc:2        Vaults (0/5) D:13
 Depths (0/4) D:15         Bailey (visited)           IceCv (visited)

Altars:
Ashenzari
Cheibriados
Dithmenos
Elyvilon
Fedhas
Gozag
Hepliaklqana
Kikubaaqudgha
Makhleb
Nemelex Xobeh
Okawaru
Qazlal
Ru
Sif Muna
Trog
Uskayaw
Vehumet
Wu Jian
Xom
Yredelemnul
Zin
The Shining One
Beogh

Shops:
D:1 :   D:6 [   D:8 :*   Orc:2 =?[(((

Portals:
Hell: Lair:5


Innate Abilities, Weirdness & Mutations

You are a creature with a mouth for a stomach.
Your midsection houses a second, enormous mouth.
You can breathe waves of cold which freeze foes solid.
Your icy white scales are hard. (AC +9)
You cannot fit into any form of body armour.
Your flesh is cold resistant. (rC+)
You are cold-blooded and may be slowed by cold attacks.


Message History

You lunge at the naga sharpshooter.
You punch the naga sharpshooter!
Your attack snaps the naga sharpshooter out of its fear.
You tail-slap the naga sharpshooter, but do no damage.
You punch the naga sharpshooter! You bite the naga sharpshooter!
The naga sharpshooter is severely wounded.
You spin and attack the naga sharpshooter repeatedly.
You hit the naga sharpshooter but do no damage.
You bite the naga sharpshooter!
The naga sharpshooter is severely wounded.
You punch the naga sharpshooter! You tail-slap the naga sharpshooter.
You bite the naga sharpshooter!
You kill the naga sharpshooter!
The Council accepts your kill.
You hear an angry hiss. x2
You spin and attack the naga sharpshooter repeatedly.
You punch the naga sharpshooter! You punch the naga sharpshooter.
You kill the naga sharpshooter!
The Council accepts your kill.
The naga sharpshooter spits poison at you.
The splash of poison hits you but does no damage.
You resist.
You see here a +0 flail.
Unknown command.
You lunge at the naga sharpshooter.
You pummel the naga sharpshooter!! You tail-slap the naga sharpshooter!
You bite the naga sharpshooter, but do no damage.
The naga sharpshooter is moderately wounded.
You hear an angry hiss.
The naga sharpshooter casts a spell.
The naga sharpshooter magically shoots an arrow.
The arrow hits you!
* * * LOW HITPOINT WARNING * * *
The naga sharpshooter casts a spell.
The naga sharpshooter magically shoots a bolt.
The bolt completely misses you.
You see here a +0 shortbow.
You feel much better.
You hear an angry hiss.
The naga sharpshooter shoots an arrow.
The arrow hits you!!
You die...

S..♣ #...#
#.### .N.#
....... #....
...#
..........
##### NN)#
..$........
...N#
≈≈≈≈≈≈≈≈≈≈≈≈
..N.♣
.≈≈≈≈≈≈≈≈≈≈≈≈≈
....#
.≈≈.SNN.....≈≈
# ##..# .≈≈
####### # #...
.≈≈.#○NW°°# #
#...S
.≈≈.'§N○☼☼# #
#.....
.≈≈.'°§§○§#
.≈≈.'(☼§☼.#
.≈≈.#○§..)#
.≈≈.#######
.≈≈ S≈ #


You could see 2 naga sharpshooters.

Vanquished Creatures
  A nagaraja (Snake:2)
  Josephine (D:15)
  A catoblepas (D:13)
  3 vault guards (D:13)
  3 centaur warriors (D:13)
  4 hydras
  A sphinx zombie (D:15)
  4 ogre magi
  A boulder beetle (D:12)
  7 anacondas
  5 two-headed ogres
  An orc high priest (Orc:2)
  11 death yaks
  3 tengu warriors
  7 naga warriors
  3 shock serpents
  A sun demon (Lair:5)
  11 naga sharpshooters
  Nergalle (Orc:2)
  A storm dragon zombie (D:15)
  A skyshark (Lair:4)
  2 salamander mystics (Snake:2)
  8 skeletal warriors
  5 mana vipers
  A sea snake (Snake:3)
  A harpy (shapeshifter) (D:15)
  An arcanist (Lair:5)
  A flayed ghost (D:15)
  2 naga ritualists
  3 orc knights
  6 orc sorcerers
  2 necromancers
  3 deep elf pyromancers
  Pikel (D:5)
  4 obsidian bats
  18 ugly things
  A manticore (D:15)
  Maurice (D:11)
  13 elephants
  9 salamanders
  7 cyclopes
  9 slime creatures
  Joseph (D:8)
  An ice statue (IceCv)
  9 naga magi
  A merfolk siren (Lair:2)
  3 kobold blastminers
  A guardian serpent (Snake:2)
  20 black mambas
  20 cane toads
  2 torpor snails (Lair:5)
  A gargoyle (D:13)
  3 kobold demonologists
  An unseen horror (D:11)
  An orange demon (Lair:5)
  An anaconda simulacrum (IceCv)
  6 freezing wraiths (IceCv)
  12 rime drakes
  11 komodo dragons
  15 ice devils
  A red devil (Lair:5)
  6 trolls
  5 polar bears
  A wolf spider simulacrum (D:14)
  A hellwing (Lair:5)
  Grinder (D:6)
  10 blink frogs
  5 dream sheep (Lair:5)
  A centaur simulacrum (D:15)
  A water elemental (D:14)
  A dire elephant simulacrum (IceCv)
  4 wraiths
  A shadow (D:12)
  A vampire (D:14)
  Eustachio (D:5)
  9 wyverns
  A fire bat (shapeshifter) (D:15)
  A warg (Orc:1)
  12 vampire mosquitoes
  A steam dragon (D:7)
  27 yaks
  4 death yak simulacra (IceCv)
  6 basilisks
  2 harpy simulacra (IceCv)
  26 nagas
  4 acid dragons
  Edmund (D:6)
  3 hell hounds (Lair:5)
  17 water moccasins
  3 ice beasts
  16 orc warriors
  3 black bears
  6 centaurs
  13 ogres
  21 wolves
  4 lemures (D:5)
  5 kobold brigands
  A gnoll sergeant (D:11)
  13 bullfrogs
  2 cane toad simulacra (IceCv)
  3 scorpions
  A two-headed ogre simulacrum (IceCv)
  13 wights
  6 elephant simulacra (IceCv)
  16 killer bees
  6 electric eels
  6 howler monkeys
  A hound (D:4)
  A jelly (D:6)
  2 bombardier beetles
  4 gnoll boudas
  5 orc priests
  A sleepcap (D:6)
  33 orc wizards
  Ijyb (D:5)
  An iguana (D:4)
  3 polar bear simulacra (IceCv)
  A spriggan simulacrum (IceCv)
  A troll simulacrum (IceCv)
  5 wolf simulacra (IceCv)
  8 adders
  27 gnolls
  2 naga simulacra (IceCv)
  5 white imps
  3 ribbon worms
  4 dart slugs
  59 orcs
  5 endoplasms
  2 giant cockroaches (D:4)
  9 goblins
  8 hobgoblins
  14 jackals
  6 quokkas
  5 ball pythons
  6 bats
  4 frilled lizards
  34 kobolds
  6 rats
836 creatures vanquished.

Vanquished Creatures (collateral kills)
  Roxanne (Snake:1)
  A vault guard (D:13)
  An anaconda (Snake:3)
  A naga sharpshooter (Snake:1)
  An orc sorcerer (Orc:2)
  2 ugly things (D:14)
  A black mamba (Snake:1)
  A cane toad (Lair:3)
  A komodo dragon (Lair:4)
  2 blink frogs
  2 slime creatures
  2 yaks (Lair:5)
  A naga (Snake:2)
  A harpy simulacrum (IceCv)
  An ogre (Orc:2)
  2 howler monkeys (D:13)
  2 orcs (Orc:1)
23 creatures vanquished.

Vanquished Creatures (others)
  2 snaplasher vines
2 creatures vanquished.

Grand Total: 861 creatures vanquished

Notes
Turn   | Place    | Note
-------+----------+-------------------------------------------
     0 | D:1      | DANddo the Draconian Shapeshifter began the quest for the
                  | Orb.
     0 | D:1      | Reached XP level 1. HP: 16/16 MP: 1/1
   135 | D:1      | Reached XP level 2. HP: 23/23 MP: 2/2
   266 | D:1      | Found Sebog's Book Boutique.
   276 | D:1      | Upgraded the game from 0.32-a0-931-g5a2cda0 to
                  | 0.32-a0-933-ga8fa363
   525 | D:1      | Reached XP level 3. HP: 28/29 MP: 3/3
   624 | D:1      | Reached skill level 2 in Fighting
  1078 | D:2      | Identified the +2 pair of gloves of Wrong Decisions {Dex+3}
  1115 | D:2      | Reached XP level 4. HP: 32/37 MP: 4/4
  1961 | D:3      | Reached XP level 5. HP: 29/44 MP: 5/5
  2542 | D:4      | Reached skill level 3 in Fighting
  3319 | D:5      | Entered Level 5 of the Dungeon
  3382 | D:5      | Noticed Ijyb
  3392 | D:5      | Reached XP level 6. HP: 28/51 MP: 6/6
  3529 | D:5      | Killed Ijyb
  3601 | D:5      | Reached skill level 4 in Fighting
  3605 | D:5      | Reached skill level 1 in Evocations
  3884 | D:5      | Noticed Pikel
  3918 | D:5      | Killed Pikel
  3919 | D:5      | Reached skill level 5 in Fighting
  3919 | D:5      | Reached skill level 5 in Unarmed Combat
  3919 | D:5      | Reached skill level 5 in Shapeshifting
  3919 | D:5      | Your scales start taking on an icy white colour.
  3919 | D:5      | Reached XP level 7. HP: 49/61 MP: 7/7
  3919 | D:5      | Gained mutation: Your flesh is cold resistant. (rC+) [White
                  | Draconian growth]
  4163 | D:5      | Reached XP level 8. HP: 50/68 MP: 8/8
  4371 | D:5      | Noticed Eustachio
  4394 | D:5      | Killed Eustachio
  4399 | D:5      | Learned a level 3 spell: Call Canine Familiar
  4702 | D:6      | Noticed Grinder
  4715 | D:6      | Paralysed by Grinder for 5 turns
  4725 | D:6      | Killed Grinder
  4726 | D:6      | Reached skill level 1 in Stealth
  4740 | D:6      | Found a shadowy altar of Dithmenos.
  4778 | D:6      | Reached skill level 1 in Summonings
  4840 | D:6      | Reached skill level 1 in Spellcasting
  4942 | D:6      | Reached XP level 9. HP: 74/74 MP: 9/11
  5220 | D:6      | Found Etuarr Hacab's Armour Emporium.
  5334 | D:6      | Noticed Edmund
  5346 | D:6      | Killed Edmund
  5739 | D:7      | Found a staircase to the Ecumenical Temple.
  5750 | Temple   | Entered the Ecumenical Temple
  5759 | Temple   | Became a worshipper of the Wu Jian Council
  6052 | D:7      | Reached skill level 6 in Fighting
  6609 | D:7      | Reached * piety under Wu Jian
  6659 | D:7      | Found an iron altar of Okawaru.
  6659 | D:7      | Found a radiant altar of Vehumet.
  6660 | D:7      | Found a burning altar of Makhleb.
  6712 | D:8      | Found a flagged portal.
  6713 | D:8      | Noticed a two-headed ogre
  6750 | D:8      | Found Xagae's Book Shop.
  6821 | D:8      | Killed a two-headed ogre
  6822 | D:8      | Reached XP level 10. HP: 60/84 MP: 14/14
  6899 | D:8      | Reached skill level 5 in Dodging
  6899 | D:8      | Reached skill level 5 in Evocations
  6913 | D:8      | Identified the +8 hand axe "Vemom" {freeze, Int+3 Dex+3
                  | Stlth+}
  6917 | Bailey   | Entered a bailey
  6953 | Bailey   | Reached skill level 7 in Fighting
  6991 | Bailey   | Noticed an orc knight
  7014 | Bailey   | Killed an orc knight
  7014 | Bailey   | Reached ** piety under Wu Jian
  7022 | Bailey   | Noticed an orc knight
  7041 | Bailey   | Killed an orc knight
  7331 | D:8      | Found Humyleur's Elemental Accessories.
  7674 | D:8      | Noticed Joseph
  7696 | D:8      | Killed Joseph
  7697 | D:8      | Reached skill level 5 in Summonings
  7896 | D:8      | Reached skill level 8 in Fighting
  8012 | D:9      | Noticed an elephant
  8012 | D:9      | Found a staircase to the Lair.
  8069 | D:9      | Reached XP level 11. HP: 94/94 MP: 15/15
  8384 | D:9      | Reached *** piety under Wu Jian
  8519 | D:9      | Reached skill level 9 in Fighting
  9116 | Lair:1   | Entered Level 1 of the Lair of Beasts
  9221 | D:9      | Reached skill level 10 in Fighting
  9221 | D:9      | Reached skill level 10 in Shapeshifting
  9829 | Lair:1   | Reached **** piety under Wu Jian
  9830 | Lair:1   | Reached XP level 12. HP: 107/107 MP: 16/16
 10177 | Lair:2   | Found a staircase to the Snake Pit.
 10199 | Lair:2   | HP: 2/108 [naga/+1 short sword of distortion (19)]
 10302 | Lair:2   | Found a staircase to the Shoals.
 10342 | Lair:2   | Found an ancient bone altar of Kikubaaqudgha.
 10966 | Lair:2   | Learned a level 2 spell: Lesser Beckoning
 11056 | Lair:3   | Found an ancient bone altar of Kikubaaqudgha.
 11170 | Lair:3   | Reached skill level 1 in Translocations
 11219 | Lair:3   | Reached skill level 5 in Stealth
 11339 | Lair:3   | Reached skill level 11 in Fighting
 11715 | Lair:3   | Noticed a death yak
 11716 | Lair:3   | Noticed a death yak
 11723 | Lair:3   | Noticed a death yak
 11724 | Lair:3   | Noticed a death yak
 11725 | Lair:3   | Noticed a death yak
 11730 | Lair:3   | Killed a death yak
 11742 | Lair:3   | Killed a death yak
 11749 | Lair:3   | Killed a death yak
 11752 | Lair:3   | Killed a death yak
 11759 | Lair:3   | Killed a death yak
 12365 | Lair:3   | Identified a scroll of acquirement
 12365 | Lair:3   | Acquired a manual of Dodging
 12595 | Lair:4   | Reached XP level 13. HP: 110/116 MP: 19/19
 12799 | Lair:4   | Learned a level 5 spell: Summon Forest
 12899 | Lair:4   | Reached ***** piety under Wu Jian
 12947 | Lair:4   | Reached skill level 5 in Spellcasting
 13715 | Lair:5   | Entered Level 5 of the Lair of Beasts
 13934 | Lair:5   | Reached skill level 10 in Unarmed Combat
 13971 | Lair:5   | Reached skill level 12 in Fighting
 14156 | Lair:5   | Reached skill level 5 in Translocations
 14542 | Lair:5   | Reached skill level 10 in Dodging
 14542 | Lair:5   | Reached XP level 14. HP: 104/126 MP: 21/21
 14707 | Lair:5   | Found a burning altar of Makhleb.
 14729 | Lair:5   | Found a gateway to Hell.
 14737 | Lair:5   | Got the Secrets of the Glacier and Synthesis
 14817 | Lair:5   | Found a staircase to the Slime Pits.
 15404 | D:10     | Entered Level 10 of the Dungeon
 16340 | D:11     | Noticed Maurice
 16353 | D:11     | Killed Maurice
 16381 | D:11     | Found a frozen archway.
 16394 | IceCv    | Entered an ice cave
 16709 | IceCv    | Found an ancient bone altar of Kikubaaqudgha.
 17161 | IceCv    | Found the +8 frozen axe "Frostbite" {freeze, freezing
                  | cloud, *Noise Fly rC+}
 17582 | D:11     | Learned a level 9 spell: Polar Vortex
 18462 | D:12     | Found a staircase to the Orcish Mines.
 18557 | D:12     | Identified the +2 ring mail "Quofusk" {Rampage MP+9}
 18964 | Orc:1    | Entered Level 1 of the Orcish Mines
 19301 | Orc:2    | Entered Level 2 of the Orcish Mines
 19301 | Orc:2    | Found Wulir's Antique Weapon Shoppe.
 19374 | Orc:2    | Found a staircase to the Elven Halls.
 19461 | Orc:2    | Found Locoej's Antique Weapon Emporium.
 19558 | Orc:2    | Found a roughly hewn altar of Beogh.
 19579 | Orc:2    | Reached skill level 13 in Fighting
 19579 | Orc:2    | Reached XP level 15. HP: 135/135 MP: 16/22
 20033 | Orc:1    | Reached ****** piety under Wu Jian
 20215 | Orc:2    | Acquired a manual of Spellcasting
 20219 | Orc:2    | Acquired 1001 gold pieces
 20456 | Orc:2    | Found Weur's Antique Armour Emporium.
 20482 | Orc:2    | Found a radiant altar of Vehumet.
 20533 | Orc:2    | Noticed Nergalle
 20534 | Orc:2    | Found an ancient bone altar of Kikubaaqudgha.
 20543 | Orc:2    | Killed Nergalle
 20570 | Orc:2    | Found a roughly hewn altar of Beogh.
 20599 | Orc:2    | Found Cup Yco's Magic Scroll Shoppe.
 20623 | Orc:2    | Found Raynisa's Antique Weapon Shoppe.
 20666 | Orc:2    | Bought a pair of dazzling boots for 285 gold pieces
 20666 | Orc:2    | Identified the +1 pair of boots of Baimaof {Harm Str+5}
                  | (You bought it in a shop on level 2 of the Orcish Mines)
 20678 | Orc:2    | Found Itahir's Jewellery Shoppe.
 20728 | Orc:2    | Bought a scroll of teleportation for 45 gold pieces
 20728 | Orc:2    | Bought a scroll of teleportation for 45 gold pieces
 20728 | Orc:2    | Bought a scroll of teleportation for 45 gold pieces
 20728 | Orc:2    | Bought a scroll of teleportation for 45 gold pieces
 20728 | Orc:2    | Bought a scroll of silence for 142 gold pieces
 20728 | Orc:2    | Bought a scroll of poison for 60 gold pieces
 21052 | D:1      | Bought a book of Spatial Translocations for 252 gold pieces
 21052 | D:1      | Bought a Grand Grimoire for 476 gold pieces
 21055 | D:1      | Learned a level 2 spell: Blink
 21484 | D:13     | Found a gate to the Vaults.
 22381 | D:14     | Reached skill level 10 in Summonings
 22543 | D:14     | Found a broken altar of Ashenzari.
 23115 | D:14     | Learned a level 5 spell: Summon Mana Viper
 23147 | D:15     | Entered Level 15 of the Dungeon
 23241 | D:15     | Noticed Josephine
 23257 | D:15     | Killed Josephine
 23326 | D:15     | Reached skill level 1 in Hexes
 23675 | D:15     | Reached XP level 16. HP: 83/145 MP: 27/27
 23798 | D:15     | Found a staircase to the Depths.
 24298 | Snake:1  | Entered Level 1 of the Snake Pit
 24354 | Lair:2   | Reached skill level 14 in Fighting
 24444 | Snake:1  | Noticed Roxanne
 24484 | Snake:1  | Killed Roxanne
 26801 | Snake:2  | Identified the +2 trident "Neuluib" {spect, rC+ rN+ MP+9}
 27862 | Snake:3  | HP: 2/147 [naga sharpshooter/arrow (12)]
 27873 | Snake:3  | HP: 7/147 [naga sharpshooter/arrow (21)]
 27877 | Snake:3  | HP: 3/147 [naga sharpshooter/arrow (10)]
 27878 | Snake:3  | Shot with an arrow by a naga sharpshooter

Illustrated notes

Levels and vault maps discovered:
D:1:      ncdulo_halloftheorcs, layout_loops_ring, serial_shops,
          nicolae_diamond_shop, supply_closet_lemuel
D:2:      layout_rooms, grunt_decor_fettered, minmay_domino_2
D:3:      layout_loops_ring, serial_park_tiny_2, grunt_decor_clamped
D:4:      layout_basic, nicolae_houndstooth_variations
D:5:      layout_loops_cross, uniq_ijyb, uniq_eustachio, uniq_pikel
D:6:      layout_basic, nicolae_dithmenos_the_darkroom, serial_shops,
          nicolae_shop_tiny_glass, st_stairs_12, mrwooster_statue_mirror,
          hangedman_decor_points, uniq_edmund, uniq_grinder
D:7:      layout_loops_corners, nicolae_overflow_hidden_temple,
          minmay_temple_entry_stoned_glass, kennysheep_flooded_box,
          eino_curves_04, grunt_ministairs_10
D:8:      layout_gridville, enter_bailey_2, nicolae_stop_n_shop_2,
          grunt_ministairs_8, nicolae_elemental_shop, uniq_joseph
D:9:      layout_roguey, david_lair_generic
D:10:     layout_roguey, st_stairs_6
D:11:     layout_basic, portal_ice_cave_rime, uniq_maurice
D:12:     layout_gridville, orc_0_dummy
D:13:     layout_basic, lightli_vaults_fourway_checkpoint
D:14:     statuecave_lemuel, layout_basic, ashenzari_altar_1
D:15:     gammafunk_depths_entry_grave, layout_loops_ring,
          minmay_misc_feat_more_columns, uniq_josephine
Temple:   nicolae_temple_two_arcs
Lair:1:   layout_big_grid, grunt_megastairs_2
Lair:2:   layout_regular_city, minmay_shoals_entry_lonely_mermaid,
          guppyfry_snake_entry_garden, basic_altar
Lair:3:   layout_cave_pods, basic_altar, grunt_megastairs_3
Lair:4:   layout_misc_corridors, st_stairs_13, nicolae_lair_lil_pond,
          cheibrodos_lair_caveside_slide, serial_bayou_shore_a,
          grunt_megastairs_1
Lair:5:   evil_forest, layout_long_grid, slime_entry_1, wad_woods_river_01
Snake:1:  layout_layer_cave, uniq_roxanne
Snake:2:  layout_gridlike
Snake:3:  nicolae_snake_shooting_gallery, layout_misc_corridors,
          nicolae_shop_overcharged_wands
Orc:1:    layout_diamond_mine
Orc:2:    kennysheep_orc_mage_school, layout_caves, serial_shops, shop, shop,
          kennysheep_orc_chapel

Skill      XL: |  1  2  3  4  5  6  7  8  9 10 11 12 13 14 15 16 |
---------------+-------------------------------------------------+-----
Dodging        | 2 3 4 5 7 10 11 12 13 | 13.6
Fighting       | 2 3 5 6 8 10 11 12 13 14 | 14.7
Unarmed Combat | 4 5 6 7 8 9 10 11 12 | 12.7
Shapeshifting  | 4 5 6 7 8 10 12 13 | 13.8
Evocations     | 3 4 5 |  5.0
Stealth        | 1 3 4 5 |  5.0
Summonings     | 1 3 5 6 8 9 10 | 10.0
Spellcasting   | 1 3 4 5 7 9 |  9.6
Translocations | 3 5 6 8 9 |  9.5
Hexes          | 1 4 |  4.3

Action                     |  1- 3 |  4- 6 |  7- 9 | 10-12 | 13-15 | 16-18 || total
---------------------------+-------+-------+-------+-------+-------+-------++-------
  Melee: Unarmed           |   127 |   345 |   337 |   780 |  1608 |   509 ||  3706
         Tailslap          |    18 |    42 |    68 |   163 |   388 |   107 ||   786
         Punch             |     1 |       |       |       |   105 |    52 ||   158
         Maw               |       |       |       |       |   441 |   188 ||   629
   Cast: Call Canine Famil |       |       |       |    20 |    42 |     2 ||    64
         Lesser Beckoning  |       |       |       |       |     7 |    37 ||    44
         Summon Forest     |       |       |       |       |     6 |     5 ||    11
         Summon Mana Viper |       |       |       |       |       |     4 ||     4
 Invoke: Serpent's Lash    |       |       |       |     2 |    13 |    10 ||    25
         Heavenly Storm    |       |       |       |       |     1 |     1 ||     2
Ability: Glacial Breath    |       |       |     6 |     8 |    15 |     6 ||    35
         Lunge             |       |       |     7 |    28 |    70 |    19 ||   124
         Whirlwind         |       |       |       |    39 |    99 |    53 ||   191
         Wall Jump         |       |       |       |     3 |    16 |    10 ||    29
  Evoke: Wand              |       |       |       |    12 |    12 |     5 ||    29
    Use: Scroll            |       |     4 |     5 |    11 |    19 |     5 ||    44
         Potion            |       |     1 |       |     5 |     4 |     7 ||    17
   Stab: Sleeping          |     2 |       |       |       |       |     1 ||     3
         Distracted        |     1 |       |       |     2 |    12 |     4 ||    19
         Invisible         |       |       |       |     3 |       |       ||     3
 Armour: Skin              |    81 |   153 |   159 |   458 |   804 |   438 ||  2093
  Dodge: Dodged            |    89 |   250 |   244 |   762 |  1250 |   272 ||  2867
   Form: Flux              |       |     1 |       |       |       |       ||     1
         Maw               |       |       |       |       |     1 |       ||     1

Table legend: (Time is in decaauts)
 A = Elapsed time spent in this place.
 B = Non-inter-level travel time spent in this place.
 C = Inter-level travel time spent in this place.
 D = Time resting spent in this place.
 E = Time spent auto-exploring this place.
 F = Levels seen in this place.
 G = Mean time per level.
                   A        B        C        D        E       F      G
               +--------+--------+--------+--------+--------+-----+--------+
         Total |  27545 |  25584 |   1961 |   3448 |  16111 |  28 |  983.8 |
       Dungeon |  14530 |  13321 |   1209 |   1283 |   9192 |  15 |  968.7 |
        Temple |     19 |     19 |      0 |      0 |      0 |   1 |   19.0 |
          Lair |   6192 |   5778 |    414 |    844 |   3535 |   5 | 1238.4 |
     Snake Pit |   3448 |   3333 |    115 |    786 |   1793 |   3 | 1149.3 |
  Orcish Mines |   1847 |   1625 |    222 |    221 |   1040 |   2 |  923.5 |
        Bailey |    354 |    354 |      0 |     24 |    138 |   1 |  354.0 |
      Ice Cave |   1152 |   1152 |      0 |    289 |    412 |   1 | 1152.0 |
               +--------+--------+--------+--------+--------+-----+--------+

Top non-repeatable levels by time:
  Lair:3: 1753 daAuts
 Snake:1: 1432 daAuts
  Lair:5: 1422 daAuts
   Orc:2: 1397 daAuts
 Snake:2: 1373 daAuts
     D:5: 1317 daAuts
     D:9: 1288 daAuts
  Lair:2: 1159 daAuts
     D:7: 1153 daAuts
   IceCv: 1152 daAuts
  Lair:4: 1130 daAuts
     D:4: 1051 daAuts
    D:14: 1043 daAuts
    D:11: 985 daAuts
     D:6: 980 daAuts
